 Dungeon Crawl Stone Soup version 0.30.0-29-ga12c61a403 (webtiles) character file.

Game seed: 4156779307983549739

4662 seaoflcl the Cleaver (level 10, -7/89 HPs)
             Began as a Minotaur Fighter on June 8, 2023.
             Was a Priest of Okawaru.
             Mangled by a yak (11 damage)
             ... on level 9 of the Dungeon.
             The game lasted 00:12:11 (7442 turns).

seaoflcl the Cleaver (Minotaur Fighter)             Turns: 7442, Time: 00:12:12

Health: -7/89      AC: 16    Str: 31    XL:     10   Next: 20%
Magic:  9/11       EV: 11    Int:  5    God:    Okawaru [***...]
Gold:   0          SH:  5    Dex: 10    Spells: 9/9 levels left

rFire   . . .        N - +5 woodcutter's axe
rCold   . . .        (shield currently unavailable)
rNeg    . . .        y - +0 plate armour
rPois   .            (helmet unavailable)
rElec   .            (no cloak)
rCorr   .            (no gloves)
SInv    .            (no boots)
Will    .....        C - amulet of reflection Stlth
                     A - +6 ring of strength
HPRegen 0.00/turn    (no ring)
MPRegen 0.12/turn

%: reflection
@: mighty, heroic, inhibited regen, hasted, very quick
A: horns 3, retaliatory headbutt, inhibited regeneration
a: Renounce Religion, Heroism


You were on level 9 of the Dungeon.
You worshipped Okawaru.
Okawaru was most pleased with you.
You visited 2 branches of the dungeon, and saw 9 of its levels.

Inventory:

Hand Weapons
 a - a +0 war axe
 f - a +0 whip of electrocution
 J - a +0 vampiric spear
 M - a +2 flail of draining
 N - the +5 woodcutter's axe (weapon)
   (You found it on level 6 of the Dungeon)
Missiles
 K - a throwing net (quivered)
Armour
 y - a +0 plate armour (worn)
 H - the +4 ring mail of the Fiend {Regen+ Str+6 Int-2}
   (You found it on level 5 of the Dungeon)

   Str:       It affects your strength (+6).
   Int:       It affects your intelligence (-2).
   Regen:     It increases your rate of health regeneration.
Jewellery
 b - an amulet of the acrobat
 c - a ring of wizardry
 n - a ring of fire
 o - a ring of see invisible
 A - a +6 ring of strength (left hand)
 C - an amulet of reflection (around neck)
 D - a +6 ring of dexterity
Scrolls
 e - 2 scrolls of teleportation
 g - a scroll of enchant weapon {unknown}
 h - 2 scrolls of magic mapping {unknown}
 j - a scroll of identify
 k - 2 scrolls of vulnerability {unknown}
 l - a scroll of immolation {unknown}
 m - 2 scrolls of amnesia {unknown}
 q - a scroll of summoning {unknown}
 s - a scroll of fear {unknown}
 u - a scroll of enchant armour {unknown}
 v - 2 scrolls of fog {unknown}
 w - a scroll of blinking {unknown}
 B - a scroll of silence {unknown}
 F - a scroll of acquirement {unknown}
 G - a scroll of torment {unknown}
Potions
 z - 2 potions of brilliance
 I - 2 potions of lignification


   Skills:
 + Level 8.3(13.3) Fighting
 - Level 9.1(14.5) Axes
 + Level 3.7(11.9) Maces & Flails
 - Level 1.9(11.0) Polearms
 + Level 2.7(7.7) Throwing
 + Level 8.3(13.3) Armour
 + Level 4.0(9.0) Dodging
 + Level 8.3(13.3) Shields
 + Level 3.5 Invocations


You had 9 spell levels left.
You didn't know any spells.
Your spell library contained the following spells:

 Spells                   Type           Power      Damage    Failure   Level
 Slow                     Hex            0%         N/A       96%         1
 Sting                    Tmut/Pois      0%         1d3       96%         1
 Ensorcelled Hibernation  Hex/Ice        0%         N/A       99%         2
 Passwall                 Tmut/Erth      0%         N/A       99%         2
 Poisonous Vapours        Pois/Air       0%         N/A       99%         2
 Confusing Touch          Hex            0%         N/A       100%        3
 Hailstorm                Conj/Ice       0%         3d3       100%        3
 Ignite Poison            Fire/Tmut/Pois 0%         N/A       100%        3
 Swiftness                Air            0%         N/A       100%        3
 Vampiric Draining        Necr           0%         2d6       100%        3
 Vhi's Electric Charge    Tloc/Air       0%         N/A       100%        3
 Ice Form                 Ice/Tmut       0%         N/A       100%        4
 Olgreb's Toxic Radiance  Pois           0%         N/A       100%        4
 Sticky Flame             Conj/Fire      0%         2d3       100%        4
 Arcjolt                  Conj/Air       0%         1d10      100%        5
 Dragon Form              Tmut           0%         N/A       100%        7
 Ignition                 Fire           0%         3d3       100%        8
 Maxwell's Capacitive Co  Air            0%         ∞         100%        8
 Simulacrum               Ice/Necr       Unusable   N/A       N/A         6

Dungeon Overview and Level Annotations

Branches:
Dungeon (10/15)            Temple (1/1) D:5
   Lair: D:8-11         Orc: D:9-12

Altars:
Ashenzari
Cheibriados
Elyvilon
Fedhas
Gozag
Hepliaklqana
Kikubaaqudgha
Makhleb
Okawaru
Qazlal
Ru
Sif Muna
Trog
Uskayaw
Vehumet
Wu Jian
Xom
Yredelemnul

Annotations:
D:9 Maurice


Innate Abilities, Weirdness & Mutations

You have a pair of large horns on your head.
You reflexively headbutt those who attack you in melee.
You do not regenerate when monsters are visible.


Message History

You slash the yak! You headbutt the yak.
You kill the yak!
Okawaru accepts your kill.
Okawaru will now gift you throwing weapons as you gain piety.
You slash the kobold demonologist!
Your headbutt misses the kobold demonologist.
The kobold demonologist is heavily wounded.
The kobold demonologist gestures wildly while chanting.
You slice the kobold demonologist!!
You kill the kobold demonologist!
Okawaru accepts your kill.
The sun demon disappears in a puff of smoke!
The shadow imp disappears in a puff of smoke!
The ufetubus disappears in a puff of smoke!
The iron imp disappears in a puff of smoke!
The sixfirhy disappears in a puff of smoke!
Something hits you.
* * * LOW HITPOINT WARNING * * *
Something steals 36 gold pieces!
You now have 0 gold pieces.
Your Dodging skill increases to level 4!
You gain the combat prowess of a mighty hero.
You closely miss something.
You hear a zap.
A bolt of light appears from out of thin air!
The bolt of light hits you.
You are confused.
* * * LOW HITPOINT WARNING * * *
You barely miss something. Your headbutt misses something.
Something hits you but does no damage.
You slash something!
You feel less confused.
You hear some strange, mumbled words.
You block the yak's attack.
You hear a bow twang.
An arrow appears from out of thin air!
The arrow hits you but does no damage.
Items here: ( ))) ?? [ ††††.
You slice the yak!!
The yak is heavily wounded.
The yak gores you!
You die...

######## #......#
####......#
........§.####
#......../#####
#..>§§....Y@..####
###.[......####....#
#..........#####...##
#.....#...#....y.)..#
#.....#.....####.##)#
#..............†.##.##
.........###....####..#
###.....#......... ##.#
#..........>......##.#


You could see a yak.

Vanquished Creatures
  Pikel (D:4)
  A kobold demonologist (D:9)
  Grinder (D:3)
  2 shadows (D:9)
  5 yaks (D:9)
  A water moccasin (D:5)
  An orc warrior (D:6)
  4 ogres
  4 ice beasts
  2 centaurs (D:9)
  2 kobold brigands (D:9)
  Blork the orc (D:5)
  5 gnoll sergeants
  3 scorpions
  6 killer bees
  4 howler monkeys
  A hound (D:6)
  A jelly (D:6)
  2 orc priests (D:6)
  3 gnoll boudas (D:6)
  Jessica (D:2)
  Natasha (twice) (D:3)
  Robin (D:3)
  19 gnolls
  4 adders
  A white imp (D:5)
  2 ufetubi (D:4)
  A worm (D:2)
  5 dart slugs
  7 orcs
  3 endoplasms
  4 giant cockroaches
  17 hobgoblins
  2 jackals (D:4)
  12 kobolds
  4 quokkas
  7 ball pythons
  3 bats
  5 frilled lizards
  13 goblins
  22 rats
185 creatures vanquished.

Notes
Turn   | Place    | Note
-------+----------+-------------------------------------------
     0 | D:1      | seaoflcl the Minotaur Fighter began the quest for the Orb.
     0 | D:1      | Reached XP level 1. HP: 19/19 MP: 0/0
   558 | D:1      | Reached XP level 2. HP: 27/27 MP: 1/1
   979 | D:2      | Reached skill level 3 in Axes
  1059 | D:2      | Reached XP level 3. HP: 33/33 MP: 2/2
  1710 | D:2      | Noticed Jessica
  1712 | D:2      | Killed Jessica
  1713 | D:2      | Reached XP level 4. HP: 40/40 MP: 3/3
  2239 | D:3      | Noticed Robin
  2245 | D:3      | Reached skill level 4 in Axes
  2249 | D:3      | Killed Robin
  2309 | D:3      | Got Coitih's Dissertation on the Switch and Geology
  2348 | D:3      | Noticed Natasha
  2360 | D:3      | Killed Natasha
  2629 | D:3      | Noticed Natasha
  2634 | D:3      | Killed Natasha
  2635 | D:3      | Reached XP level 5. HP: 34/47 MP: 4/4
  2858 | D:3      | Noticed Grinder
  2867 | D:3      | Killed Grinder
  2868 | D:3      | Reached skill level 5 in Fighting
  2868 | D:3      | Reached skill level 5 in Axes
  2868 | D:3      | Reached skill level 5 in Armour
  2868 | D:3      | Reached skill level 5 in Shields
  2868 | D:3      | Reached XP level 6. HP: 33/56 MP: 5/5
  3044 | D:4      | Noticed Pikel
  3058 | D:4      | Killed Pikel
  3059 | D:4      | Reached skill level 7 in Axes
  3059 | D:4      | Reached XP level 7. HP: 28/62 MP: 6/6
  3367 | D:4      | Reached XP level 8. HP: 39/70 MP: 7/7
  3762 | D:5      | Entered Level 5 of the Dungeon
  3828 | D:5      | Identified the +4 ring mail of the Fiend {Regen+ Str+6
                  | Int-2}
  3861 | D:5      | Reached skill level 8 in Axes
  3951 | D:5      | Found a staircase to the Ecumenical Temple.
  3974 | D:5      | Noticed Blork the orc
  3983 | D:5      | Killed Blork the orc
  4025 | Temple   | Entered the Ecumenical Temple
  4181 | Temple   | Became a worshipper of Warmaster Okawaru
  4947 | D:6      | Reached skill level 1 in Dodging
  4988 | D:6      | Reached skill level 1 in Invocations
  5002 | D:6      | Reached * piety under Okawaru
  5003 | D:6      | Reached skill level 9 in Axes
  5003 | D:6      | Reached XP level 9. HP: 49/79 MP: 8/8
  5333 | D:6      | Reached skill level 1 in Polearms
  5667 | D:6      | Found the +5 woodcutter's axe
  5961 | D:6      | Reached skill level 1 in Maces & Flails
  6087 | D:6      | You fall into a shaft and drop 3 floors!
  6101 | D:9      | Reached ** piety under Okawaru
  6102 | D:9      | Reached skill level 1 in Throwing
  6425 | D:9      | Noticed Maurice
  6451 | D:9      | Gained mutation: You have a pair of large horns on your
                  | head. [potion of mutation]
  6451 | D:9      | Gained mutation: You do not regenerate when monsters are
                  | visible. [potion of mutation]
  6452 | D:9      | HP: 2/81 [killer bee (4)]
  6460 | D:10     | Entered Level 10 of the Dungeon
  7012 | D:9      | Paralysed by Maurice for 5 turns
  7026 | D:10     | HP: 4/81 [poisoned by a killer bee]
  7416 | D:9      | Reached XP level 10. HP: 35/88 MP: 11/11
  7421 | D:9      | Noticed a sun demon
  7434 | D:9      | Reached *** piety under Okawaru
  7436 | D:9      | Noticed a sixfirhy
  7438 | D:9      | HP: 4/89 [something/bolt of light (1)]
  7442 | D:9      | Mangled by a yak

Illustrated notes

Levels and vault maps discovered:
D:1:      kennysheep_arrival_seaside, layout_loops_ring,
          chequers_serial_rivers_micro_d
D:2:      wad_lake_hut, layout_loops_ring, kennysheep_crisscross,
          nicolae_hexahallways, minmay_rat_hole, uniq_jessica
D:3:      layout_loops_cross, corexii_shack, kennysheep_generic_room_14,
          uniq_grinder, uniq_natasha, uniq_robin
D:4:      layout_basic, uniq_pikel
D:5:      layout_basic, minmay_temple_entry_drinking_statues, uniq_blork_the_orc
D:6:      layout_basic, gammafunk_temple_overflow_wave, grunt_ministairs_1,
          pf_guarded_unrand_woodcutter
D:9:      layout_rooms, gammafunk_ghost_grave, uniq_maurice
D:10:     layout_basic
Temple:   nicolae_temple_slightly_damp_pantheon

Skill      XL: |  1  2  3  4  5  6  7  8  9 10 |
---------------+-------------------------------+-----
Axes           | 3 4 5 7 9 |  9.1
Shields        | 4 5 6 7 8 |  8.3
Fighting       | 4 5 6 7 8 |  8.3
Armour         | 4 5 6 7 8 |  8.3
Dodging        | 1 3 4 |  4.0
Invocations    | 1 3 |  3.5
Polearms       | 1 |  1.9
Maces & Flails | 3 |  3.7
Throwing       | 2 |  2.7

Action                     |  1- 3 |  4- 6 |  7- 9 | 10-12 || total
---------------------------+-------+-------+-------+-------++-------
  Melee: War axe           |    75 |    84 |   122 |       ||   281
         Headbutt          |     7 |    20 |    41 |     5 ||    73
         Spear             |       |       |    95 |       ||    95
         Battleaxe         |       |       |    74 |    21 ||    95
 Invoke: Heroism           |       |       |     1 |     1 ||     2
  Evoke: Wand              |       |       |     4 |       ||     4
    Use: Scroll            |       |       |     3 |       ||     3
         Potion            |       |       |    13 |     2 ||    15
 Armour: Chain mail        |    34 |    17 |       |       ||    51
         Scale mail        |     3 |       |       |       ||     3
         Plate armour      |       |    14 |   134 |     4 ||   152
         Skin              |       |       |     4 |       ||     4
  Dodge: Dodged            |    43 |    37 |    94 |     4 ||   178
  Block: Buckler           |    16 |    28 |    99 |       ||   143
         Other             |       |       |    26 |     4 ||    30
         Reflection        |       |       |     8 |       ||     8
